 Dungeon Crawl Stone Soup version 0.31.0-9-g3a7656b989 (webtiles) character file.

Game seed: 11574557654201370082

278 qw the Ducker (level 6, -2/30 HPs)
             Began as a Spriggan Hunter on Feb 2, 2024.
             Engulfed by a cloud of steam (3 damage)
             ... on level 4 of the Dungeon.
             The game lasted 00:00:08 (2447 turns).

qw the Ducker (Spriggan Hunter)                     Turns: 2447, Time: 00:00:08

Health: -2/30      AC:  3    Str:  7    XL:     6   Next: 5%
Magic:  7/7        EV: 22    Int: 11    God:
Gold:   199        SH:  0    Dex: 20    Spells: 5/5 levels left

rFire   . . .        a - +2 shortbow
rCold   . . .        (shield currently unavailable)
rNeg    . . .        e - +1 robe
rPois   .            (helmet restricted)
rElec   .            (no cloak)
rCorr   .            (gloves unavailable)
SInv    +            (boots unavailable)
Will    +....        (no amulet)
Stlth   ++           (no ring)
HPRegen 0.25/turn    (no ring)
MPRegen 0.10/turn

%: no passive effects
@: very quick
A: very small, no large weapons, unfitting armour, see invisible, speed 3
a: no special abilities


You were on level 4 of the Dungeon.
You visited 1 branch of the dungeon, and saw 4 of its levels.

You collected 199 gold pieces.


Innate Abilities, Weirdness & Mutations

You are very small and have problems with some larger weapons.
You are too small for most types of armour.
You have supernaturally acute eyesight. (SInv)
You cover ground extremely quickly. (Speed+++)


   Skills:
 - Level 2.0 Fighting
 + Level 5.0 Ranged Weapons
 - Level 7.1 Dodging
 - Level 1.5 Stealth


You had 5 spell levels left.
You didn't know any spells.
Your spell library was empty.

Inventory:

Hand Weapons
 a - a +2 shortbow (weapon)
Armour
 e - a +1 robe (worn)
Wands
 g - a wand of flame (18) (quivered)
Scrolls
 h - a scroll of enchant armour
Potions
 b - a potion of enlightenment
 f - a potion of resistance
 j - a potion of curing
 m - a potion of brilliance {unknown}

Dungeon Overview and Level Annotations

Branches:
Dungeon (4/15)
 Temple: D:4-7

Altars:


Message History

The puff of flame hits the steam dragon.
The steam dragon is moderately wounded.
The steam dragon barely misses you. x2
2443 ||| ZAPPING wand of flame (23) at 0,-1 (steam dragon; floor).
Aiming: Throw Flame
Press: ? - help, Q - select action, (/) - cycle Shift-Dir - straight line, f/p - steam dragon The puff of flame misses the steam dragon.
The jackal barks!
You are engulfed in a cloud of scalding steam.
An adder comes into view.
The steam dragon misses you. x2; The adder moves out of view.
2444 ||| ZAPPING wand of flame (22) at 0,-1 (steam dragon; floor).
Aiming: Throw Flame
Press: ? - help, Q - select action, (/) - cycle Shift-Dir - straight line, f/p - steam dragon The puff of flame hits the steam dragon!
The steam dragon is severely wounded.
The steam dragon breathes steam at you. The ball of steam misses you.
2445 ||| ZAPPING wand of flame (21) at 0,-1 (steam dragon; floor).
Aiming: Throw Flame
Press: ? - help, Q - select action, (/) - cycle Shift-Dir - straight line, f/p - steam dragon The puff of flame hits the steam dragon!
The steam dragon is almost dead.
You are engulfed in a cloud of scalding steam.
The steam dragon completely misses you. x2
2446 ||| ZAPPING wand of flame (20) at 0,-1 (steam dragon; floor).
Aiming: Throw Flame
Press: ? - help, Q - select action, (/) - cycle Shift-Dir - straight line, f/p - steam dragon The puff of flame hits the steam dragon.
The steam dragon is almost dead.
You are engulfed in a cloud of scalding steam.
The steam dragon breathes steam at you. The ball of steam misses you.
2447 ||| ZAPPING wand of flame (19) at 0,-1 (steam dragon; floor).
Aiming: Throw Flame
Press: ? - help, Q - select action, (/) - cycle Shift-Dir - straight line, f/p - steam dragon The puff of flame hits the steam dragon.
You kill the steam dragon!
You are engulfed in a cloud of scalding steam.
You die... #..# #.# . #..###7.7#7##### #. #.%##..........< #.##.....7<7#7#.### #.....####.# ###.#..# 777

#..Sh..##7.7P7# #
#.##.#¤¤.......
#.#.##@#¤¤#7..77
##....¤.¤..¤77 7
#.....¤¤..##.#
#.#####¤####.# #.#
#.# ### #.#
#.###.####### #.#
#.##.#.......
#.####.#.###.#####
#.....#.## ##.....


You could see an adder and a jackal.

Vanquished Creatures
  Sigmund (D:3)
  A steam dragon (D:4)
  An orc priest (D:2)
  4 adders
  A ribbon worm (D:3)
  3 orcs (D:2)
  11 ball pythons
  An endoplasm (D:1)
  2 giant cockroaches
  3 goblins
  4 hobgoblins
  6 jackals
  2 quokkas (D:3)
  5 frilled lizards (D:1)
  3 kobolds
  5 rats
53 creatures vanquished.

Notes
Turn   | Place    | Note
-------+----------+-------------------------------------------
     0 | D:1      | qw the Spriggan Hunter began the quest for the Orb.
     0 | D:1      | Reached XP level 1. HP: 10/10 MP: 2/2
     0 | D:1      | 0 ||| qw: Version: 0.3-a-155-g5e7d8dd
     0 | D:1      | 0 ||| qw: Game counter: 2396
     0 | D:1      | 0 ||| qw: Melee chars always use a shield: true
     0 | D:1      | 0 ||| qw: God list: Okawaru
     0 | D:1      | 0 ||| qw: Allow faded altars: false
     0 | D:1      | 0 ||| qw: Do Orc after clearing Dungeon:15 true
     0 | D:1      | 0 ||| qw: Do second Lair branch before Depths: true
     0 | D:1      | 0 ||| qw: Lair rune preference: random
     0 | D:1      | 0 ||| qw: Goals: Normal
     0 | D:1      | 0 ||| PLANNING D:1-11
    83 | D:1      | Reached skill level 3 in Dodging
   199 | D:1      | Reached XP level 2. HP: 14/14 MP: 3/3
   272 | D:1      | Reached skill level 4 in Dodging
   781 | D:1      | 781 ||| READING scroll labelled HALIX QAQUTAN.
   782 | D:1      | 782 ||| READING scroll labelled GUYP YKUGG.
   786 | D:1      | 786 ||| READING 2 scrolls labelled FUELOYQ VEOJI.
   786 | D:1      | 786 ||| ENCHANTING +0 shortbow.
   787 | D:1      | 787 ||| READING scroll labelled EZUANO NOGOI.
   787 | D:1      | 787 ||| IDENTIFYING red potion
   788 | D:1      | 788 ||| READING scroll labelled SYLAYCATAY.
   789 | D:1      | 789 ||| READING scroll labelled KUNUUQ DIEL.
   789 | D:1      | 789 ||| ENCHANTING +0 shortbow.
   790 | D:1      | 790 ||| READING 3 scrolls labelled CUCWEC VAYHIMP.
   791 | D:1      | 791 ||| DROPPING scroll of butterflies.
   792 | D:1      | 792 ||| DROPPING potion of attraction.
   793 | D:1      | 793 ||| DROPPING 2 scrolls of revelation.
   901 | D:2      | Reached XP level 3. HP: 11/18 MP: 4/4
   994 | D:2      | Found a faded altar of an unknown god.
  1326 | D:2      | 1326 ||| READING scroll of enchant weapon.
  1326 | D:2      | 1326 ||| ENCHANTING +1 shortbow.
  1433 | D:2      | 1433 ||| READING scroll of identify.
  1433 | D:2      | 1433 ||| IDENTIFYING fizzy coppery potion
  1434 | D:2      | 1434 ||| READING scroll labelled AZEIHI IPED.
  1435 | D:2      | 1435 ||| READING scroll labelled BUELAR ZIST.
  1634 | D:3      | Reached XP level 4. HP: 22/22 MP: 5/5
  1713 | D:3      | Noticed Sigmund
  1725 | D:3      | 1725 ||| DRINKING 2 bubbling white potions.
  1726 | D:3      | 1726 ||| DRINKING white potion.
  1729 | D:3      | Killed Sigmund
  1730 | D:3      | Reached skill level 7 in Dodging
  1730 | D:3      | Reached XP level 5. HP: 21/25 MP: 6/6
  2136 | D:3      | 2136 ||| UPGRADING to +1 robe.
  2146 | D:3      | 2146 ||| DROPPING +0 robe.
  2147 | D:3      | 2147 ||| READING scroll of identify.
  2147 | D:3      | 2147 ||| IDENTIFYING sedimented amethyst potion
  2148 | D:3      | 2148 ||| DROPPING potion of lignification.
  2237 | D:4      | Reached XP level 6. HP: 30/30 MP: 7/7
  2252 | D:4      | Found the +18 Lear's hauberk
  2432 | D:4      | Noticed a steam dragon
  2433 | D:4      | 2433 ||| ZAPPING wand of flame (28) at -2,-7 (steam dragon;
                  | floor).
  2434 | D:4      | 2434 ||| ZAPPING wand of flame (27) at -2,-6 (steam dragon;
                  | floor).
  2435 | D:4      | 2435 ||| Stepping ~*~*~tactically~*~*~ (cloud).
  2436 | D:4      | 2436 ||| Stepping ~*~*~tactically~*~*~ (cloud).
  2439 | D:4      | 2439 ||| ZAPPING wand of flame (26) at 1,-4 (steam dragon;
                  | floor).
  2440 | D:4      | 2440 ||| Stepping ~*~*~tactically~*~*~ (cloud).
  2441 | D:4      | 2441 ||| ZAPPING wand of flame (25) at 1,-2 (steam dragon;
                  | floor).
  2442 | D:4      | 2442 ||| ZAPPING wand of flame (24) at 0,-1 (steam dragon;
                  | floor).
  2443 | D:4      | 2443 ||| ZAPPING wand of flame (23) at 0,-1 (steam dragon;
                  | floor).
  2444 | D:4      | 2444 ||| ZAPPING wand of flame (22) at 0,-1 (steam dragon;
                  | floor).
  2445 | D:4      | 2445 ||| ZAPPING wand of flame (21) at 0,-1 (steam dragon;
                  | floor).
  2446 | D:4      | 2446 ||| ZAPPING wand of flame (20) at 0,-1 (steam dragon;
                  | floor).
  2446 | D:4      | HP: 1/30 [steam dragon] (7)]
  2447 | D:4      | 2447 ||| ZAPPING wand of flame (19) at 0,-1 (steam dragon;
                  | floor).
  2447 | D:4      | Killed a steam dragon
  2447 | D:4      | Engulfed by a cloud of steam

Levels and vault maps discovered:
D:1:      minmay_arrival_loop, layout_basic
D:2:      layout_loops_ring, dreamdust_ecumenical_altar_grove
D:3:      layout_loops_ring, uniq_sigmund
D:4:      layout_loops_ring, serial_forest, infiniplex_forest_lined_room_3,
          infiniplex_forest_lined_1, infiniplex_forest_end_2,
          infiniplex_forest_straight_4, infiniplex_forest_lined_ring,
          infiniplex_forest_pool

Skill      XL: |  1  2  3  4  5  6 |
---------------+-------------------+-----
Dodging        | 3 4 7 |  7.1
Ranged Weapons | 5 |  5.0
Fighting       | 2 |  2.0
Stealth        | |  1.5

Action                     |  1- 3 |  4- 6 || total
---------------------------+-------+-------++-------
   Fire: Shortbow          |    70 |    74 ||   144
  Evoke: Wand              |       |    10 ||    10
    Use: Scroll            |    11 |     1 ||    12
         Potion            |       |     2 ||     2
 Armour: Robe              |     5 |    15 ||    20
  Dodge: Dodged            |    35 |    63 ||    98

Table legend:
 A = Non-vault XP
 B = Vault XP
 C = Vault XP percentage of total XP
 D = Non-vault monster count
 E = Vault monster count
 F = Vault count percentage of total count
                 A         B        C        D         E       F
            +---------+---------+-------+---------+---------+-------
      Total |     369 |     223 |  37.7 |      52 |       1 |   1.9
            +---------+---------+-------+---------+---------+-------
        D:1 |      26 |       0 |   0.0 |      18 |       0 |   0.0
        D:2 |      56 |       0 |   0.0 |       8 |       0 |   0.0
        D:3 |      69 |     223 |  76.4 |      19 |       1 |   5.0
        D:4 |     218 |       0 |   0.0 |       7 |       0 |   0.0
            +---------+---------+-------+---------+---------+-------
